 Dungeon Crawl Stone Soup version 0.24.0-123-gd5b16e6ec5 (webtiles) character file.

Game seed: 4446338500593335914, levelgen mode: deterministic

361487 Nivaska the Convoker (level 22, -3/140 HPs)
             Began as a Gargoyle Earth Elementalist on Dec 22, 2019.
             Was the Champion of Qazlal.
             Slain by a spatial maelstrom (4 damage)
             ... while paralysed by accursed screaming
             ... on level 2 of the Abyss on Dec 26, 2019.
             The game lasted 07:54:42 (41648 turns).

Nivaska the Convoker (Gargoyle Earth Elementalist) Turns: 41648, Time: 07:54:43

Health: -3/140     AC: 39    Str: 16    XL:     22   Next: 45%
Magic:  41/41      EV:  2    Int: 28    God:    Qazlal [******]
Gold:   2496       SH:  0    Dex: 10    Spells: 15/51 levels left

rFire    + + +     SeeInvis .   y - +10 mace of Unuonuv {flame, Int+6}
rCold    + + +     Gourm    .   Z - +1 buckler {rC+ rF+}
rNeg     + . .     Faith    .   e - +3 troll leather armour {Snorg}
rPois    ∞         Spirit   .   I - +1 helmet
rElec    +         Reflect  .   l - +2 cloak {rF+}
rCorr    .         Harm     .   V - +2 pair of gloves of Thoughtfulness {rPois rF+ rC+}
MR       +....                  W - +2 pair of boots
Stlth    +.........             C - amulet of magic regeneration
HPRegen  0.73/turn              S - +3 ring of slaying
MPRegen  0.52/turn              T - ring of protection from cold

@: paralysed, repel missiles
A: big wings, negative energy resistance 1, electricity resistance, unbreathing,
petrification resistance, rot immunity, AC +16
}: 2/15 runes: decaying, serpentine
a: Fly, Upheaval, Elemental Force, Disaster Area, Renounce Religion


You were on level 2 of the Abyss.
You worshipped Qazlal.
Qazlal was exalted by your worship.
You were not hungry.

You visited 8 branches of the dungeon, and saw 39 of its levels.
You visited the Abyss 1 time.
You also visited: Ossuary and Volcano.

You collected 4034 gold pieces.
You spent 1538 gold pieces at shops.

Inventory:

Hand Weapons
 y - the +10 mace of Unuonuv (weapon) {flame, Int+6}
   (You found it on level 7 of the Dungeon)

   It has been specially enchanted to burn those struck by it, causing extra
   injury to most foes and up to half again as much damage against particularly
   susceptible opponents.
   It affects your intelligence (+6).
Missiles
 b - 1100 stones
 r - 17 silver boomerangs (quivered)
 E - 2 throwing nets
Armour
 e - a +3 troll leather armour (worn) {Snorg}
 i - the cursed +0 leather armour "Zyonexee" {rF- rCorr Int+3 Dex+3}
   (You took it off an entropy weaver on level 4 of the Lair of Beasts)

   It affects your intelligence (+3).
   It affects your dexterity (+3).
   It makes you vulnerable to fire.
   It provides partial protection from all sources of acid and corrosion.
   It has a curse placed upon it.
 l - a +2 cloak of fire resistance (worn)
 x - +0 fire dragon scales
 I - a +1 helmet (worn)
 V - the +2 pair of gloves of Thoughtfulness (worn) {rPois rF+ rC+}
   (You found it on level 2 of the Orcish Mines)

   It protects you from fire.
   It protects you from cold.
   It protects you from poison.
 W - a +2 pair of boots (worn)
 Z - a +1 buckler of resistance (worn)
Magical Staves
 a - an uncursed staff of summoning
Jewellery
 C - an amulet of magic regeneration (around neck)
 S - a +3 ring of slaying (left hand)
 T - a ring of protection from cold (right hand)
 U - an uncursed amulet of the gourmand
Wands
 s - a wand of flame (44)
 w - a wand of paralysis (26)
 A - a wand of disintegration (13)
 B - a wand of acid (12)
 G - a wand of iceblast (31)
 H - a wand of polymorph (6)
Scrolls
 c - 10 scrolls of remove curse
 h - 19 scrolls of teleportation
 m - a scroll of summoning
 n - 7 scrolls of magic mapping
 o - 9 scrolls of fear
 K - 5 scrolls of enchant weapon
 M - 3 scrolls of blinking
 N - 5 scrolls of amnesia
 P - a scroll of fog
 R - 9 scrolls of identify
Potions
 f - 4 potions of haste
 j - 2 potions of magic
 k - 4 potions of heal wounds
 p - 9 potions of curing
 q - a potion of invisibility
 t - 8 potions of berserk rage
 u - 6 potions of might
 v - 10 potions of mutation
 z - 5 potions of agility
 D - 4 potions of lignification
 F - 9 potions of brilliance
 L - 3 potions of resistance
 O - 2 potions of ambrosia
 Y - a potion of cancellation
Miscellaneous
 J - a lamp of fire
Comestibles
 d - 52 rations
 g - a chunk of flesh


   Skills:
 + Level 15.1 Fighting
   Level 0.6(8.1) Axes
 + Level 13.3(13.4) Maces & Flails
 - Level 1.0(8.9) Staves
 - Level 1.1 Throwing
 - Level 12.2 Armour
 - Level 11.2 Dodging
 - Level 2.1 Stealth
 - Level 10.0 Shields
 - Level 15.0 Spellcasting
 - Level 7.0 Conjurations
 - Level 0.7 Hexes
 - Level 16.0 Summonings
 - Level 2.0 Transmutations
 - Level 7.0 Fire Magic
 - Level 12.9 Earth Magic
 - Level 11.0 Invocations
 - Level 1.0 Evocations


You had 15 spell levels left.
You knew the following spells:

 Your Spells              Type           Power        Failure   Level  Hunger
a - Sandblast             Erth           ######       0%          1    None
b - Passwall              Tmut/Erth      ######..     1%          2    None
c - Stone Arrow           Conj/Erth      ######       1%          3    None
d - Call Imp              Summ           #######.     0%          2    None
e - Summon Guardian Gole  Hex/Summ       ######..     1%          3    None
f - Lee's Rapid Deconstr  Erth           #######...   1%          5    None
g - Shadow Creatures      Summ           N/A          1%          6    ####...
h - Fireball              Conj/Fire      ######....   4%          5    None
i - Searing Ray           Conj           ######       1%          2    None
j - Monstrous Menagerie   Summ           #######...   3%          7    #####..

Your spell library contained the following spells:

 Spells                   Type           Power        Failure   Level  Hunger
 Summon Small Mammal      Summ           ####         0%          1    None
 Call Canine Familiar     Summ           #######.     0%          3    None
 Confusing Touch          Hex            ####..       1%          1    None
 Corona                   Hex            ####...      1%          1    None
 Magic Dart               Conj           ####         1%          1    None
 Dazzling Spray           Conj/Hex       #####.       1%          3    None
 Inner Flame              Hex/Fire       #####...     1%          3    None
 Iskenderun's Mystic Bla  Conj           ######..     1%          4    None
 Leda's Liquefaction      Hex/Erth       ######....   1%          4    None
 Petrify                  Tmut/Erth      ######..     1%          4    None
 Summon Ice Beast         Ice/Summ       ######..     1%          4    None
 Summon Lightning Spire   Summ/Air       ######..     1%          4    None
 Animate Skeleton         Necr           N/A          2%          1    None
 Apportation              Tloc           ###...       2%          1    None
 Freeze                   Ice            ###.         2%          1    None
 Ignite Poison            Fire/Tmut/Pois #####...     2%          3    None
 Summon Forest            Summ/Tloc      ######....   2%          5    None
 Ensorcelled Hibernation  Hex/Ice        ###...       3%          2    None
 Slow                     Hex            ####....     3%          2    None
 Summon Greater Demon     Summ           #######...   3%          7    #####..
 Summon Hydra             Summ           #######...   3%          7    #####..
 Corpse Rot               Necr           N/A          4%          2    None
 Fulminant Prism          Conj/Hex       #####.....   5%          4    None
 Borgnjor's Vile Clutch   Necr/Erth      ######....   5%          5    None
 Confuse                  Hex            ####....     6%          3    None
 Tukima's Dance           Hex            ####....     6%          3    None
 Force Lance              Conj/Tloc      #####...     6%          4    None
 Portal Projectile        Hex/Tloc       ###...       7%          3    None
 Cause Fear               Hex            ####......   21%         4    None
 Bolt of Fire             Conj/Fire      ######....   24%         6    ####...
 Summon Horrible Things   Summ           #######...   26%         8    #######
 Silence                  Hex/Air        ###.......   54%         5    None
 Malign Gateway           Summ/Tloc      ######....   65%         7    #####..
 Hydra Form               Tmut           ####......   87%         6    ####...
 Darkness                 Hex            ####......   97%         6    ####...
 Ring of Flames           Chrm/Fire      #####.....   99%         7    #####..
 Ignition                 Fire           ######....   100%        8    #######
 Shatter                  Erth           #######...   100%        9    #######


Dungeon Overview and Level Annotations

Branches:
Dungeon (15/15)            Temple (1/1) D:4            Lair (6/6) D:11
  Swamp (4/4) Lair:3        Snake (4/4) Lair:2        Slime (0/5) Lair:5
    Orc (2/2) D:11            Elf (2/3) Orc:2        Vaults (0/5) D:14
 Depths (5/5) D:15            Zot (0/5) Depths:5    Ossuary (visited)
Volcano (visited)

Altars:
Ashenzari
Cheibriados
Dithmenos
Elyvilon
Fedhas
Gozag
Hepliaklqana
Kikubaaqudgha
Makhleb
Nemelex Xobeh
Okawaru
Qazlal
Ru
Sif Muna
Trog
Uskayaw
Vehumet
Wu Jian
Xom
Yredelemnul
Zin
The Shining One
Jiyva
Lugonu

Shops:
D:8 [   Orc:2 *?([   Depths:3 *

Portals:
Hell: Depths:1 Depths:2 Depths:3 Depths:4 Depths:5
Abyss: Depths:1 Depths:3 Depths:4
Pandemonium: Depths:3
Ziggurat: Depths:2
Trove: Depths:3 (give +3 gold dragon scales)

Annotations:
D:3 1 runed translucent door
D:6 1 runed translucent door, demivan's ghost, novice MiFi
D:9 Erolcha
Lair:3 exclusion: oklob plant
Lair:4 3 runed translucent doors, Lutiheq's ghost, journeyman DrTm


Innate Abilities, Weirdness & Mutations

You are resistant to torment.
Your stone body is resilient. (AC +16)
You are immune to poison.
Your large and strong wings let you fly indefinitely.
You resist negative energy. (rN+)
You are resistant to electric shocks. (rElec)
You can survive without breathing.
You are immune to petrification.
You are immune to rotting.


Message History

The sixfirhy misses you. The sixfirhy closely misses you.
A deafening chorus of shrieks assaults your mind!
* * * LOW HITPOINT WARNING * * *
The sixfirhy hits you but does no damage.
A starcursed mass splits. x2
The thrashing horror is engulfed in freezing vapours.
The spatial maelstrom hits you but does no damage.
You block the spatial maelstrom's attack.
The small abomination is engulfed in freezing vapours.
You destroy the small abomination!
Qazlal accepts your kill.
A wretched star comes into view.
A starcursed mass splits.
A cacophony of accursed wailing tears at your sanity!
* * * LOW HITPOINT WARNING * * *
You suddenly lose the ability to move!
A starcursed mass splits.
The spatial maelstrom hits you!
* * * LOW HITPOINT WARNING * * *
Space bends around you.
You die...

.......XX...3.....
*. #..##..##X.## ##
..##..##X.##XX##..##
..........X...... .
.*.....YxF....... #
#..##..##.. #..##
#..##.○##3○##..# ..#
.....☼v§.........
...
.......@X○°○#....#
#.
.........☼..#..#.#
.........☼..X#..##
..........XX..#.
.........XXX#.#
#......##.......
#...... ....##.
..#.### ...#.


You could see 9 starcursed masses, a spatial maelstrom, 2 wretched stars, a
thrashing horror, a large abomination, a worldbinder, a spiny frog, a sixfirhy
and a dream sheep.

Vanquished Creatures
  Bai Suzhen (Swamp:4)
  2 caustic shrikes
  2 golden dragons
  2 tentacled monstrosities
  4 liches
  A quicksilver dragon (Depths:4)
  A titan (Depths:4)
  A sphinx (Depths:4)
  A tentacled starspawn (Abyss:2)
  Kirke (Swamp:1)
  2 thorn hunters (Swamp:3)
  4 storm dragons
  2 tengu reavers
  11 nagarajas
  Donald (Snake:2)
  3 fire giants
  4 frost giants
  Louise (D:15)
  An orc warlord (Orc:2)
  Aizul (Snake:3)
  A spriggan defender (Depths:4)
  A draconian stormcaller (Depths:5)
  The ghost of Exporg the Cleaver, a journeyman GnGl of Gozag (Orc:2)
  5 stone giants
  An entropy weaver (Lair:4)
  A vampire knight (Depths:2)
  25 very ugly things
  A deep elf annihilator (Depths:4)
  A dire elephant (Lair:2)
  2 red draconians
  A white draconian (Depths:4)
  5 spark wasps (Depths:4)
  A yellow draconian (Depths:5)
  Snorg (D:11)
  A quicksilver dragon zombie (Depths:3)
  A yaktaur captain (Depths:3)
  3 ettins
  9 fire dragons
  9 ice dragons
  27 hydras
  A vault guard (D:14)
  17 naga warriors
  3 great orbs of eyes
  5 rakshasas
  3 spriggan air magi
  5 catoblepae
  3 shambling mangroves
  10 two-headed ogres
  11 anacondas
  6 centaur warriors
  A queen ant (Lair:4)
  5 deep troll shamans
  14 alligators
  2 death knights
  6 death yaks (Lair:6)
  12 dancing weapons
  A hell hog (Depths:4)
  5 deep troll earth magi
  3 ogre magi
  An orc high priest (Orc:2)
  5 tengu warriors
  3 vampire magi
  5 deep elf knights
  17 naga sharpshooters
  10 shock serpents
  2 spriggan berserkers
  A storm dragon zombie (Depths:3)
  3 salamander mystics
  14 deep trolls
  3 iron trolls
  A hell knight (Depths:4)
  A sea snake (shapeshifter) (D:15)
  2 spriggan druids (Swamp:4)
  A tengu zombie (Depths:4)
  5 wizards
  A spark wasp zombie (Depths:4)
  An unseen horror (D:14)
  10 naga ritualists
  5 deep elf archers (Elf:1)
  13 swamp dragons
  2 glowing orange brains
  2 necromancers
  4 large abominations (Abyss:2)
  2 shadow dragon zombies (Depths:4)
  20 deep elf magi
  16 ugly things
  6 mana vipers
  2 oklob plants
  7 orc sorcerers
  A wolf spider (D:14)
  A wolf spider (shapeshifter) (Depths:2)
  4 cyclopes
  3 manticores
  2 mana vipers (shapeshifter)
  A moth of wrath (Orc:2)
  18 salamanders
  A shadow dragon skeleton (Depths:3)
  20 elephants
  35 black mambas
  13 naga magi
  A smoke demon (Abyss:2)
  A water nymph (shapeshifter) (Depths:5)
  2 apocalypse crabs (Abyss:2)
  7 guardian serpents
  A rust devil (Depths:5)
  An ice statue (D:12)
  13 spiny frogs
  An emperor scorpion zombie (Abyss:2)
  3 gargoyles
  8 komodo dragons
  2 freezing wraiths (D:14)
  A yaktaur (shapeshifter) (D:13)
  6 ice devils (D:12)
  3 kobold demonologists (D:15)
  A spriggan skeleton (Depths:3)
  19 yaktaurs
  A hellwing (Abyss:2)
  2 tengu conjurers
  2 polar bears
  A tengu simulacrum (Depths:3)
  A polar bear (shapeshifter) (Depths:1)
  A troll (shapeshifter) (Depths:1)
  4 trolls
  A blink frog (shapeshifter) (Depths:3)
  40 slime creatures
  14 tyrant leeches
  5 bog bodies
  10 hornets
  11 hippogriffs
  6 raiju (Abyss:2)
  7 dream sheep (Lair:6)
  8 blink frogs
  3 shadows
  2 wraiths
  A redback (shapeshifter) (D:15)
  12 spriggans
  6 wyverns
  3 yaks (shapeshifter)
  53 yaks
  7 fire bats
  3 hogs (Swamp:1)
  22 humans (D:14)
  2 fire elementals (Elf:1)
  A golden eye (Abyss:2)
  22 vampire mosquitoes
  3 basilisks
  2 hungry ghosts
  3 steam dragons (Volcano)
  56 nagas
  17 swamp worms
  2 two-headed ogre zombies (D:11)
  10 wargs
  6 insubstantial wisps (Swamp:1)
  5 soldier ants (Lair:4)
  22 water moccasins
  Duvessa (D:7)
  6 hell hounds (Depths:4)
  A floating eye (shapeshifter) (Depths:5)
  10 porcupines
  12 swamp drakes
  10 ice beasts
  25 orc warriors
  4 sky beasts
  A necrophage (D:13)
  15 ogres
  An eye of draining (D:14)
  6 phantoms
  3 small abominations (Abyss:2)
  14 centaurs
  11 boggarts
  9 wolves
  29 crocodiles
  5 big kobolds
  An earth elemental (Elf:1)
  16 bullfrogs
  A wyvern zombie (D:14)
  Dowan (D:7)
  2 water moccasin zombies (Ossuary)
  3 scorpions
  A troll zombie (D:11)
  A water moccasin skeleton (D:10)
  3 wights (D:8)
  2 electric eels
  A howler monkey (D:14)
  4 crimson imps
  2 quasits
  A bullfrog zombie (D:10)
  4 centaur zombies
  2 starcursed masses (Abyss:2)
  9 hounds
  3 jellies
  A gnoll shaman (D:6)
  31 orc priests
  A bullfrog skeleton (D:7)
  2 iron imps (Abyss:2)
  34 orc wizards
  Terence (D:2)
  7 iguanas
  15 worker ants
  3 big kobold zombies (Ossuary)
  5 ogre zombies (D:11)
  2 hound skeletons (D:7)
  2 mummies (Ossuary)
  A worker ant zombie (D:6)
  Robin (D:3)
  9 gnolls
  A gnoll (shapeshifter) (D:15)
  29 adders
  An adder (shapeshifter) (Depths:2)
  A howler monkey skeleton (D:8)
  3 shadow imps
  6 ufetubi (D:12)
  8 adder zombies
  3 adder skeletons
  3 dart slugs (D:1)
  4 leopard geckos
  66 orcs
  4 giant cockroaches
  15 goblins
  6 hobgoblins
  9 jackals
  24 kobolds
  6 quokkas
  3 ball pythons
  10 bats
  4 frilled lizards
  A gnoll zombie (Ossuary)
  5 goblin zombies (D:11)
  A hobgoblin skeleton (D:11)
  9 hobgoblin zombies
  4 kobold zombies (Ossuary)
  An orc skeleton (D:11)
  24 orc zombies
  A quokka skeleton (D:7)
  5 rats
  3 briar patches (Swamp:3)
  A bush (Lair:5)
  A fungus (Lair:4)
  A plant (D:11)
1565 creatures vanquished.

Vanquished Creatures (collateral kills)
  A juggernaut (Depths:4)
  A caustic shrike (Depths:4)
  A sphinx (Depths:4)
  A shadow dragon (Depths:5)
  A tengu reaver (Depths:5)
  A fire giant (Depths:4)
  An iron dragon (Depths:4)
  An entropy weaver (Lair:4)
  A very ugly thing (Depths:4)
  A spark wasp (Depths:4)
  A great orb of eyes (Depths:2)
  2 hydras
  An ice dragon (Depths:4)
  A deep troll shaman (Depths:5)
  An alligator (Swamp:3)
  A naga sharpshooter (Snake:4)
  A spriggan druid (Swamp:3)
  2 deep trolls
  2 spriggans (Swamp:3)
  A yak (D:11)
  A swamp worm (Swamp:3)
  A swamp drake (Swamp:1)
  3 orc warriors (Orc:1)
  An orc (Orc:1)
29 creatures vanquished.

Vanquished Creatures (others)
  A dancing weapon (Elf:1)
  A hell hog (Depths:4)
  A naga sharpshooter (Snake:3)
  A mana viper (Snake:4)
  A guardian serpent (Snake:4)
  A bog body (Swamp:1)
  2 hornets (Swamp:4)
  A spriggan (Swamp:4)
  A vampire (D:15)
  A wyvern (Volcano)
  2 vampire mosquitoes (Swamp:1)
  A water moccasin (Lair:5)
  A boggart (Depths:2)
  A briar patch (Swamp:3)
  70 fungi
  78 plants
  17 starspawn tentacles (Abyss:2)
  7 toadstools (Lair:3)
188 creatures vanquished.

Grand Total: 1782 creatures vanquished

Notes
Turn   | Place    | Note
-------+----------+-------------------------------------------
     0 | D:1      | Nivaska the Gargoyle Earth Elementalist began the quest for
                  | the Orb.
     0 | D:1      | Reached XP level 1. HP: 10/10 MP: 3/3
   182 | D:1      | Reached XP level 2. HP: 12/15 MP: 5/5
   197 | D:1      | Learned a level 2 spell: Passwall
   623 | D:1      | Reached XP level 3. HP: 11/19 MP: 4/6
   634 | D:1      | Learned a level 3 spell: Stone Arrow
  1562 | D:2      | Reached skill level 1 in Fighting
  1719 | D:2      | Reached skill level 5 in Earth Magic
  1719 | D:2      | Reached XP level 4. HP: 20/25 MP: 7/7
  1766 | D:2      | Noticed Terence
  1775 | D:2      | Killed Terence
  1775 | D:2      | Reached skill level 1 in Staves
  2153 | D:3      | Reached XP level 5. HP: 26/30 MP: 8/8
  2342 | D:3      | Found a runed translucent door.
  2342 | D:3      | Noticed an angel
  2350 | D:3      | Found a glowing silver altar of Zin.
  2780 | D:3      | Noticed Robin
  2796 | D:3      | Noticed a centaur
  2836 | D:4      | Noticed a phantom
  2848 | D:4      | Killed a phantom
  2856 | D:4      | Reached XP level 6. HP: 18/37 MP: 3/10
  3214 | D:4      | Found a staircase to the Ecumenical Temple.
  3243 | Temple   | Entered the Ecumenical Temple
  3363 | Temple   | Became a worshipper of Qazlal Stormbringer
  3563 | D:4      | Reached XP level 7. HP: 43/43 MP: 12/12
  3989 | D:5      | Entered Level 5 of the Dungeon
  3995 | D:5      | Reached skill level 1 in Conjurations
  4030 | D:5      | Found a sparkling altar of Nemelex Xobeh.
  4633 | D:6      | Reached skill level 5 in Fighting
  4696 | D:6      | Reached skill level 1 in Armour
  4744 | D:6      | Reached XP level 8. HP: 33/50 MP: 14/14
  4840 | D:6      | Found a runed translucent door.
  4840 | D:6      | Noticed demivan's ghost (novice MiFi)
  4891 | D:6      | Reached * piety under Qazlal
  4891 | D:6      | Reached skill level 1 in Transmutations
  5542 | D:3      | Killed Robin
  5718 | D:7      | Noticed Dowan
  5720 | D:7      | Noticed Duvessa
  5739 | D:7      | Killed Duvessa
  5739 | D:7      | Reached skill level 5 in Spellcasting
  5742 | D:7      | Killed Dowan
  5827 | D:7      | Reached XP level 9. HP: 57/57 MP: 16/16
  5976 | D:7      | Found a white marble altar of Elyvilon.
  5994 | D:7      | Reached ** piety under Qazlal
  6063 | D:7      | Got an ivory mace
  6070 | D:7      | Reached skill level 5 in Armour
  6076 | D:7      | Identified the +10 mace of Unuonuv {flame, Int+6} (You
                  | found it on level 7 of the Dungeon)
  6112 | D:7      | Found a shimmering altar of Xom.
  6113 | D:7      | Found a hazy altar of Hepliaklqana.
  6113 | D:7      | Found a glowing golden altar of the Shining One.
  6114 | D:7      | Found an ornate altar of the Wu Jian Council.
  6597 | D:8      | Reached skill level 1 in Maces & Flails
  6602 | D:8      | Reached skill level 1 in Invocations
  6628 | D:8      | Found Naisi's Antique Armour Emporium.
  6825 | D:8      | Found a sand-covered staircase.
  6834 | Ossuary  | Entered an ossuary
  6863 | Ossuary  | Reached *** piety under Qazlal
  7094 | D:8      | You fall into a shaft and drop 3 floors!
  7099 | D:11     | Found a staircase to the Lair.
  7099 | D:11     | Noticed an oklob plant
  7134 | D:10     | Entered Level 10 of the Dungeon
  7246 | D:9      | Learned a level 2 spell: Call Imp
  7509 | D:8      | Bought a faintly humming leather armour for 161 gold pieces
  7520 | D:8      | Identified the +3 leather armour of Woujoph {*Slow Dex+4
                  | Stlth+} (You bought it in a shop on level 8 of the Dungeon)
  7679 | D:9      | Noticed Erolcha
  7777 | D:10     | Reached XP level 10. HP: 56/63 MP: 19/19
  7789 | D:10     | Reached skill level 5 in Maces & Flails
  7805 | D:10     | Reached **** piety under Qazlal
  8512 | D:11     | Found a staircase to the Orcish Mines.
  8792 | D:11     | Noticed a tengu warrior
  8818 | D:11     | Killed a tengu warrior
  8818 | D:11     | Reached ***** piety under Qazlal
  8818 | D:11     | Reached skill level 5 in Invocations
  8982 | D:11     | Reached skill level 1 in Shields
  8982 | D:11     | Reached skill level 1 in Summonings
  9048 | D:11     | Noticed Snorg
  9059 | D:11     | Killed Snorg
  9059 | D:11     | Reached skill level 3 in Summonings
  9059 | D:11     | Reached XP level 11. HP: 56/67 MP: 12/20
  9323 | D:11     | Killed an oklob plant
  9338 | Lair:1   | Entered Level 1 of the Lair of Beasts
  9342 | Lair:1   | Noticed a five-headed hydra
  9353 | Lair:1   | Noticed a five-headed hydra
  9418 | Orc:1    | Entered Level 1 of the Orcish Mines
  9418 | Orc:1    | Noticed a cyclops
  9462 | D:11     | Learned a level 3 spell: Summon Guardian Golem
  9516 | D:12     | Reached skill level 4 in Summonings
  9662 | D:12     | Noticed a four-headed hydra
  9692 | D:12     | Killed a four-headed hydra
  9692 | D:12     | Reached skill level 5 in Shields
  9901 | D:12     | Noticed a two-headed ogre
  9908 | D:12     | Killed a two-headed ogre
  9967 | D:12     | Noticed a two-headed ogre
  9973 | D:12     | Killed a two-headed ogre
 10553 | D:13     | Noticed a salamander
 10579 | D:13     | a salamander changed into a yaktaur
 10662 | D:13     | Reached XP level 12. HP: 44/72 MP: 21/21
 10840 | D:13     | Noticed a tengu warrior
 10852 | D:13     | Killed a tengu warrior
 11267 | D:13     | Reached skill level 5 in Dodging
 11421 | D:14     | Noticed a centaur warrior
 11428 | D:14     | Killed a centaur warrior
 11431 | D:14     | Noticed a death knight
 11561 | D:11     | Killed a five-headed hydra
 11590 | D:11     | Killed a five-headed hydra
 11776 | D:11     | Reached skill level 10 in Fighting
 11792 | D:11     | Reached XP level 13. HP: 66/82 MP: 22/22
 12051 | Lair:1   | Identified a scroll of acquirement
 12449 | Lair:2   | Found a shimmering altar of Xom.
 12456 | Lair:2   | Found a staircase to the Snake Pit.
 12782 | Lair:2   | Noticed a dire elephant
 12804 | Lair:2   | Killed a dire elephant
 13154 | Lair:3   | Found a blossoming altar of Fedhas.
 13209 | Lair:3   | Learned a level 5 spell: Lee's Rapid Deconstruction
 13441 | Lair:3   | Found a staircase to the Swamp.
 13952 | Lair:4   | Found a runed translucent gate.
 13952 | Lair:4   | Found a runed translucent gate.
 13952 | Lair:4   | Found a runed translucent gate.
 13952 | Lair:4   | Noticed a minotaur
 13952 | Lair:4   | Noticed Lutiheq's ghost (journeyman DrTm)
 13981 | Lair:4   | Found a dark tunnel.
 13995 | Volcano  | Entered a volcano
 14183 | Volcano  | Gained mutation: Your large and strong wings let you fly
                  | indefinitely. [Gargoyle growth]
 14183 | Volcano  | Reached XP level 14. HP: 81/88 MP: 24/24
 14268 | Volcano  | Reached skill level 10 in Invocations
 14462 | Lair:4   | Reached ****** piety under Qazlal
 14495 | Lair:4   | Noticed an entropy weaver
 14504 | Lair:4   | Killed an entropy weaver
 14504 | Lair:4   | Reached skill level 5 in Conjurations
 14641 | Lair:4   | Identified the cursed +0 leather armour "Zyonexee" {rF-
                  | rCorr Int+3 Dex+3}
 14641 | Lair:4   | Noticed an entropy weaver
 14717 | Lair:4   | Killed an entropy weaver
 15766 | Lair:5   | Reached skill level 10 in Earth Magic
 15990 | Lair:5   | Found a staircase to the Slime Pits.
 15993 | Lair:5   | Found a viscous altar of Jiyva.
 16729 | Lair:6   | Entered Level 6 of the Lair of Beasts
 17021 | Lair:6   | Reached skill level 5 in Summonings
 17082 | Lair:6   | Reached skill level 10 in Spellcasting
 17160 | Lair:6   | Reached XP level 15. HP: 67/93 MP: 29/29
 17311 | Lair:6   | Reached skill level 10 in Maces & Flails
 17938 | Orc:1    | Found a bloodstained altar of Trog.
 18005 | Orc:2    | Entered Level 2 of the Orcish Mines
 18005 | Orc:2    | Noticed an orc warlord
 18123 | Orc:2    | Killed an orc warlord
 18242 | Orc:2    | Paralysed by an orc sorcerer for 7 turns
 18347 | Orc:2    | Found a burning altar of Makhleb.
 18375 | Orc:1    | Paralysed by an orc sorcerer for 3 turns
 18398 | Orc:1    | Paralysed by an orc sorcerer for 2 turns
 18517 | Orc:2    | Found a radiant altar of Vehumet.
 18527 | Orc:2    | Found a staircase to the Elven Halls.
 18594 | Orc:2    | Found a transporter.
 18613 | Orc:2    | Noticed Exporg's ghost (journeyman GnGl)
 18662 | Orc:2    | Found a transporter.
 18844 | Orc:2    | Found Nemaph's Magic Scroll Shop.
 18844 | Orc:2    | Found Foacwu's General Store.
 18845 | Orc:2    | Found Mang's Antique Weapon Boutique.
 18848 | Orc:2    | Found Otaeluz's Armour Boutique.
 19014 | Orc:2    | Killed Exporg's ghost
 19039 | Orc:2    | Got a pair of smoking gloves
 19070 | Orc:2    | Identified the +2 pair of gloves of Thoughtfulness {rPois
                  | rF+ rC+} (You found it on level 2 of the Orcish Mines)
 19171 | Orc:2    | Bought a potion of heal wounds for 60 gold pieces
 19171 | Orc:2    | Bought a scroll of blinking for 90 gold pieces
 19173 | Orc:2    | Bought a scroll of teleportation for 45 gold pieces
 19173 | Orc:2    | Bought a scroll of teleportation for 45 gold pieces
 19175 | Orc:2    | Bought a cursed +0 pair of boots for 42 gold pieces
 19177 | Orc:2    | Bought a scroll of remove curse for 45 gold pieces
 19720 | Orc:2    | Bought a scroll of identify for 30 gold pieces
 19969 | D:14     | You fall into a shaft and drop 1 floor!
 19969 | D:15     | Entered Level 15 of the Dungeon
 20111 | D:15     | Noticed Louise
 20135 | D:15     | Killed Louise
 20359 | D:14     | Reached XP level 16. HP: 100/100 MP: 16/31
 20482 | D:14     | Found a gate to the Vaults.
 20802 | D:15     | Reached skill level 10 in Armour
 21001 | D:15     | Found a staircase to the Depths.
 21174 | D:15     | Found a basalt altar of Yredelemnul.
 21366 | D:15     | Found a snail-covered altar of Cheibriados.
 21663 | Snake:1  | Entered Level 1 of the Snake Pit
 21960 | Snake:1  | Noticed a nagaraja
 21964 | Snake:1  | Found a transporter.
 22079 | Snake:1  | Found a transporter.
 22332 | Snake:2  | Noticed a nagaraja
 22334 | Snake:2  | Noticed a nagaraja
 22362 | Snake:1  | Killed a nagaraja
 22397 | Snake:1  | Killed a nagaraja
 22482 | Snake:2  | Noticed a nagaraja
 22495 | Snake:2  | Killed a nagaraja
 23736 | Snake:3  | Reached XP level 17. HP: 108/108 MP: 32/32
 23737 | Snake:3  | Noticed Donald
 23805 | Snake:2  | Killed Donald
 24092 | Snake:1  | Identified the Disquisition on Congealing Companions
 24095 | Snake:1  | Got a steaming chain mail
 24113 | Snake:1  | Identified the +3 chain mail "Dyt Poho" {MR+} (You found it
                  | on level 1 of the Snake Pit)
 24427 | Snake:3  | Noticed Aizul
 24440 | Snake:3  | Killed Aizul
 24856 | Snake:3  | Reached skill level 6 in Summonings
 25047 | Snake:4  | Entered Level 4 of the Snake Pit
 25152 | Snake:4  | Reached skill level 7 in Summonings
 25381 | Snake:4  | Reached skill level 8 in Summonings
 25382 | Snake:4  | Reached skill level 1 in Throwing
 25483 | Snake:4  | Reached skill level 1 in Evocations
 25563 | Snake:4  | Reached skill level 9 in Summonings
 25608 | Snake:4  | Reached XP level 18. HP: 53/114 MP: 29/34
 25826 | Snake:4  | Reached skill level 10 in Summonings
 26194 | Snake:4  | Reached skill level 11 in Summonings
 26210 | Snake:3  | Learned a level 6 spell: Shadow Creatures
 26818 | Snake:4  | Got a serpentine rune of Zot
 27249 | Swamp:1  | Entered Level 1 of the Swamp
 27427 | Swamp:1  | Noticed Kirke
 27706 | Swamp:1  | Killed Kirke
 28816 | Swamp:2  | Learned a level 5 spell: Fireball
 28875 | Swamp:2  | Reached skill level 1 in Fire Magic
 29341 | Swamp:2  | Reached XP level 19. HP: 83/119 MP: 35/35
 29868 | Swamp:2  | Reached skill level 5 in Fire Magic
 29959 | Swamp:3  | Found a burning altar of Makhleb.
 30511 | Swamp:4  | Entered Level 4 of the Swamp
 31212 | Swamp:4  | Noticed Bai Suzhen
 31238 | Swamp:4  | Killed Bai Suzhen
 31452 | Swamp:4  | Got a decaying rune of Zot
 31995 | Depths:1 | Entered Level 1 of the Depths
 32004 | Depths:1 | Got a pair of ichor-stained boots
 32015 | Depths:1 | Identified the +0 pair of boots of the Boiling Point {rF+
                  | Int+4 Stlth+} (You found it on level 1 of the Depths)
 32661 | Depths:1 | Reached skill level 10 in Dodging
 32872 | Depths:1 | Found a one-way gate to the infinite horrors of the Abyss.
 33109 | Depths:1 | Found a gateway to Hell.
 33242 | Depths:1 | Reached XP level 20. HP: 116/127 MP: 27/36
 33515 | Depths:2 | Found a gateway to a ziggurat.
 33762 | Depths:2 | Noticed a Tzitzimitl
 33783 | Depths:2 | Paralysed by something for 4 turns
 34363 | Depths:2 | Noticed a caustic shrike
 34369 | Depths:2 | Noticed a Tzitzimitl
 34379 | Depths:2 | Killed a caustic shrike
 34379 | Depths:2 | Reached skill level 15 in Fighting
 34482 | Depths:2 | Noticed a golden dragon
 34524 | Depths:2 | Killed a golden dragon
 34658 | Depths:2 | Learned a level 2 spell: Searing Ray
 35186 | Depths:3 | Found a corrupted altar of Lugonu.
 35298 | Depths:2 | Reached skill level 10 in Shields
 35602 | Depths:3 | Found a portal to a secret trove of treasure.
 35663 | Depths:3 | Found a one-way gate leading to the halls of Pandemonium.
 35673 | Depths:3 | Found Upafeij's Pet Rocks.
 35680 | Depths:3 | Bought the Papyrus of the Mountains for 1020 gold pieces
 35856 | Depths:3 | Reached skill level 12 in Summonings
 36260 | Depths:4 | Found a shimmering blue altar of Sif Muna.
 36490 | Depths:4 | Reached XP level 21. HP: 74/134 MP: 18/38
 36736 | Depths:4 | Noticed a caustic shrike
 36770 | Depths:4 | Killed a caustic shrike
 37136 | Depths:4 | Paralysed by a lich for 6 turns
 37751 | Depths:4 | Noticed a caustic shrike
 37933 | Depths:4 | Killed a caustic shrike
 38361 | Depths:4 | Reached skill level 15 in Spellcasting
 38403 | Depths:4 | Noticed a juggernaut
 38434 | Depths:4 | Killed a juggernaut
 38434 | Depths:4 | Reached skill level 13 in Summonings
 38451 | Depths:4 | Noticed a golden dragon
 38470 | Depths:4 | Killed a golden dragon
 38790 | Depths:5 | Entered Level 5 of the Depths
 39010 | Depths:5 | Reached skill level 14 in Summonings
 39082 | Depths:5 | Found a gate to the Realm of Zot.
 39481 | Depths:5 | Reached XP level 22. HP: 135/140 MP: 41/41
 39729 | Depths:5 | Reached skill level 15 in Summonings
 39754 | Depths:5 | Learned a level 7 spell: Monstrous Menagerie
 40424 | Elf:1    | Entered Level 1 of the Elven Halls
 41315 | Elf:2    | Cast into level 2 of the Abyss (a deep elf sorcerer)
 41389 | Abyss:2  | Reached skill level 16 in Summonings
 41446 | Abyss:2  | Paralysed by accursed screaming for 1 turns
 41627 | Abyss:2  | Paralysed by accursed screaming for 1 turns
 41648 | Abyss:2  | Paralysed by accursed screaming for 2 turns
 41648 | Abyss:2  | HP: 1/140 [spatial maelstrom (9)]
 41648 | Abyss:2  | Slain by a spatial maelstrom

Levels and vault maps discovered:
D:1:      lemuel_arrival_room, layout_loops_ring
D:2:      layout_loops_corners, palyth_stone_intersect, uniq_terence
D:3:      layout_basic, lemuel_angel_altar, uniq_robin
D:4:      layout_rooms, minmay_temple_entry_mini_moons, first_ration
D:5:      layout_rooms, overflow_temple_1_default
D:6:      layout_loops_ring, ebering_ghost_sewer_d, kennysheep_generic_room_10
D:7:      layout_loops_ring, grunt_temple_overflow_open, uniq_duvessa
D:8:      layout_gridville, serial_shops, shop_statue,
          nicolae_ossuary_entry_ruins
D:9:      layout_basic, grunt_livestock, uniq_erolcha
D:10:     layout_roguey, serial_glass, glass_columns_a, glass_columns_b,
          item_on_display_a, due_unseen_surprise, feat_on_display
D:11:     layout_stronghold, dpeg_oklobed_lair, zombieorc2_lemuel, uniq_snorg
D:12:     cheibrodos_frozen_isle, layout_basic
D:13:     layout_gridville
D:14:     layout_small_grid, grunt_vaults_entry_tiered,
          chequers_serial_rivers_small_a
D:15:     gammafunk_enter_depths_forms, layout_cross, minmay_misc_feat_roman,
          hangedman_feature_mirror, grunt_ministairs_14, uniq_louise
Temple:   nicolae_temple_elliptical
Lair:1:   layout_misc_corridors, gauntlet_entry_generic, grunt_megastairs_2,
          lemuel_fruit_tree, infiniplex_staircase_pool
Lair:2:   mu_elephants_graveyard, layout_misc_corridors, dummy_snake_entry,
          basic_altar
Lair:3:   layout_regular_city, minmay_swamp_entry_reptiles, tgw_fedhas
Lair:4:   layout_cave_pods, maelrawn_ghost_gauntlet_escape,
          nicolae_volcano_entry_batcave, chequers_serial_rivers_small_b,
          wad_woods_antlair
Lair:5:   lemuel_reptile_caves, layout_loops_ring, slime_altar_1,
          infiniplex_staircase_pool_2
Lair:6:   evilmike_catoblepas_cave, layout_big_grid
Swamp:1:  layout_basic_swamp, hangedman_swamp_diagram, st_swamp_ruins_4,
          uniq_kirke
Swamp:2:  layout_falls_marsh, nicolae_swamp_round_clearing
Swamp:3:  layout_basic_swamp, lemuel_altar_in_water
Swamp:4:  swamp, layout_basic_swamp, uniq_bai_suzhen
Snake:1:  gammafunk_the_bubble [the_bubble_gammafunk_split], layout_basic
Snake:2:  layout_chambers
Snake:3:  layout_misc_corridors, grunt_ministairs_8, uniq_aizul, uniq_donald
Snake:4:  johnstein_snake_rune_scales, layout_cave_town, st_stairs_3
Orc:1:    layout_diamond_mine, portal_ice_cave_entry_ice_beasts, trog_book
Orc:2:    st_orc_mages, layout_caves, basic_altar,
          gammafunk_ghost_berserking_beasts, bloody_makhleb
Elf:1:    elf_arrival_001, layout_loops_ring, hangedman_corner_corridor
Elf:2:    layout_geoelf_diagonals, serial_shops, freezing_bzr,
          nicolae_shop_crystal
Depths:1: layout_honeycomb, pf_coc_iceberg, abyss_entry,
          minmay_misc_feat_secret_circle, lightli_corner_chamber
Depths:2: kennysheep_green_arena, layout_gridville, enter_ziggurat_b,
          pf_vacation_house_of_asmodeus, infiniplex_staircase_pool_1,
          serial_bayou_shore_b
Depths:3: kennysheep_spiral_hall, layout_cave_shapes, pan_entry,
          abyss_entry_flame_altar, hell_entry, serial_sigils_hangedman_gnaw,
          nicolae_trove_entry_crossroad, guppyfry_shop_earth
Depths:4: cell_vault, layout_gridlike, grunt_hell_horde, abyss_entry,
          old_standard_altar
Depths:5: evilmike_zot_entry_basic, layout_gridville, serial_bayou_pond_d,
          grunt_hell_entry_dis_old, st_stairs_3, uniq_jory
Abyss:2:  base: D:5, guppyfry_abyss_exit_glass_guarded

Skill      XL: |  1  2  3  4  5  6  7  8  9 10 11 12 13 14 15 16 17 18 19 20 21 22 |
---------------+-------------------------------------------------------------------+-----
Earth Magic    | 4 5 6 7 10 11 12 | 12.9
Fighting       | 1 2 3 4 5 7 10 11 12 13 14 15 | 15.1
Staves         | 1 |  1.0
Spellcasting   | 3 4 5 6 7 10 11 12 13 15 | 15.0
Conjurations   | 2 3 4 5 7 |  7.0
Armour         | 1 3 6 7 8 9 10 11 12 | 12.2
Transmutations | 2 |  2.0
Maces & Flails | 4 6 7 9 10 11 12 13 | 13.3
Invocations    | 2 5 7 8 9 10 11 | 11.0
Dodging        | 2 4 6 8 10 11 | 11.2
Shields        | 2 6 9 10 | 10.0
Summonings     | 3 4 5 9 11 12 14 16 | 16.0
Throwing       | 1 |  1.1
Evocations     | 1 |  1.0
Fire Magic     | 4 7 |  7.0
Axes           | |  0.6
Stealth        | |  2.1
Hexes          | |  0.7

Action                   |  1- 3 |  4- 6 |  7- 9 | 10-12 | 13-15 | 16-18 | 19-21 | 22-24 || total
-------------------------+-------+-------+-------+-------+-------+-------+-------+-------++-------
Melee: Hand axe          |    90 |       |       |       |       |       |       |       ||    90
       Unarmed           |     3 |       |       |       |       |     2 |       |       ||     5
       Quarterstaff      |    25 |   101 |   266 |       |       |       |       |       ||   392
       Mace              |       |       |   147 |   546 |  1194 |  1589 |  1658 |   427 ||  5561
Throw: Boomerang         |       |       |       |       |       |       |     5 |       ||     5
 Cast: Sandblast         |     8 |    11 |    25 |    24 |    29 |    27 |    26 |     3 ||   153
       Passwall          |     1 |       |       |       |       |       |     5 |       ||     6
       Stone Arrow       |       |       |    12 |    33 |    37 |    30 |    41 |     3 ||   156
       Summon Guardian G |       |       |       |     1 |    10 |     4 |     2 |       ||    17
       Lee's Rapid Decon |       |       |       |       |    62 |    75 |    83 |    11 ||   231
       Call Imp          |       |       |       |       |     3 |       |       |       ||     3
       Shadow Creatures  |       |       |       |       |       |     3 |    13 |     3 ||    19
       Fireball          |       |       |       |       |       |       |    64 |     4 ||    68
       Searing Ray       |       |       |       |       |       |       |     1 |       ||     1
       Monstrous Menager |       |       |       |       |       |       |       |     1 ||     1
Invok: Elemental Force   |       |       |       |     2 |     1 |     1 |     3 |       ||     7
       Disaster Area     |       |       |       |       |     3 |     1 |     2 |       ||     6
 Abil: Fly               |       |       |       |       |     1 |       |     1 |       ||     2
       Stop Flying       |       |       |       |       |     1 |       |     1 |       ||     2
  Use: Scroll            |       |    10 |    11 |    12 |    14 |    11 |     6 |     2 ||    66
       Potion            |       |       |       |     1 |       |     2 |     3 |       ||     6
 Stab: Sleeping          |     2 |     2 |     1 |       |       |       |       |       ||     5
       Distracted        |       |     1 |       |       |     1 |       |       |     1 ||     3
       Confused          |       |       |       |       |       |     1 |       |       ||     1
  Eat: Chunk             |     3 |     6 |    11 |     7 |    27 |    37 |   137 |     3 ||   231
       Ration            |       |       |     1 |     3 |     3 |     6 |     2 |     2 ||    17
Armor: Robe              |    51 |    46 |    15 |       |       |       |       |       ||   112
       Leather armour    |       |       |    64 |    89 |       |       |       |       ||   153
       Ring mail         |       |       |   134 |       |       |       |       |       ||   134
       Troll leather arm |       |       |       |   134 |   427 |   639 |   873 |   159 ||  2232
Dodge: Dodged            |    72 |    64 |   255 |   268 |   587 |   631 |   938 |   140 ||  2955
       Deflected         |       |       |       |     7 |     7 |   125 |    56 |    10 ||   205
Block: Other             |       |       |    47 |    37 |       |     6 |       |       ||    90
       Buckler           |       |       |       |   268 |   945 |  1216 |  1235 |   248 ||  3912
